 Dungeon Crawl Stone Soup version 0.17.0-26-gececa24 (webtiles) character file.

500737 dvd the Executioner (level 23, 0/238 HPs)
             Began as a Minotaur Fighter on Nov 14, 2015.
             Was the Champion of Okawaru.
             Killed from afar by a lindwurm (29 damage)
             ... with a blast of flame
             ... called by a spriggan druid
             ... on level 3 of the Depths on Nov 20, 2015.
             The game lasted 05:33:27 (55711 turns).

dvd the Executioner (Minotaur Fighter)             Turns: 55711, Time: 05:33:28

Health: 0/238      AC: 11    Str: 27    XL:     23   Next: 75%
Magic:  41/44      EV: 28    Int:  5    God:    Okawaru [******]
Gold:   4331       SH: 25    Dex: 23    Spells: 2 memorised, 19 levels left

rFire  . . .     SeeInvis +     a - +9 war axe of Juvo {chop, MP+9 Str+2}
rCold  + . .     Clarity  .     u - +4 chain mail {rC+}
rNeg   . . .     SustAt   .     y - +5 shield {reflect}
rPois  +         Gourm    .     t - +2 hat {MR+}
rElec  .         Spirit   .     J - +2 cloak {MR+}
rCorr  .         Warding  .     o - +0 pair of gloves of the Ancient Seas {*Drain rPois Int+4 SInv}
rMut   .         Stasis   .     Z - +2 pair of boots of the Hare {*Confuse MP+9 Int-4 Dex+7}
MR     +++..                    v - amulet of Vitality {Regen+ HP+15}
Stlth  ..........               (no ring)
                                (no ring)

@: heroism, finesse, corroded equipment, very slightly contaminated, extremely
resistant to hostile enchantments, extremely unstealthy
A: retaliatory headbutt, horns 2, talons 1
a: Heroism, Finesse, Renounce Religion
}: 3/15 runes: barnacled, silver, gossamer


You were on level 3 of the Depths.
You worshipped Okawaru.
Okawaru was exalted by your worship.
You were not hungry.

You visited 9 branches of the dungeon, and saw 47 of its levels.
You visited 1 bazaar.
You also visited: Labyrinth, Sewer and Bailey.

You collected 6468 gold pieces.
You spent 2137 gold pieces at shops.

Inventory:

Hand Weapons
 a - the +9 war axe of Juvo (weapon) {chop, MP+9 Str+2}
   (You bought it in a shop on level 4 of the Orcish Mines)

   It inflicts extra damage upon your enemies.
   It affects your strength (+2).
   It affects your magic capacity (+9).
 b - the +7 greatsling "Punk" {freeze, rC+}
   (You took it off an ironheart preserver on level 5 of the Vaults)

   It causes projectiles fired from it to freeze those they strike, causing
   extra injury to most foes and up to half again as much damage against
   particularly susceptible opponents.
   They can also slow down cold-blooded creatures.
   It protects you from cold.
 c - the +9 demon blade of the Fifty Beggars {freeze, rC- Int+4 Dex+7}
   (You took it off a vault warden on level 5 of the Vaults)

   It has been specially enchanted to freeze those struck by it, causing extra
   injury to most foes and up to half again as much damage against particularly
   susceptible opponents.
   It can also slow down cold-blooded creatures.
   It affects your intelligence (+4).
   It affects your dexterity (+7).
   It makes you vulnerable to cold.
 H - the +7 greatsling of Hakka {freeze, rF+}
   (Okawaru gifted it to you on level 4 of the Shoals)

   It causes projectiles fired from it to freeze those they strike, causing
   extra injury to most foes and up to half again as much damage against
   particularly susceptible opponents.
   They can also slow down cold-blooded creatures.
   It protects you from fire.
Missiles
 g - 28 silver javelins
 G - 35 poisoned sling bullets
 I - 20 tomahawks of returning
 Q - 28 javelins of penetration (quivered)
 R - 56 sling bullets of flame
 T - 18 silver sling bullets
 W - 85 sling bullets of frost
 Y - 17 javelins of returning
Armour
 e - the +3 scale mail "Depi Uhyl" {rElec MP+9}
   (You took it off a vault warden on level 5 of the Vaults)

   It insulates you from electricity.
   It affects your magic capacity (+9).
 k - the +7 chain mail of the Ten Demons {*Corrode rElec rPois Dex+4}
   (You found it on level 3 of the Elven Halls)

   It affects your dexterity (+4).
   It insulates you from electricity.
   It protects you from poison.
   It may corrode your equipment when you take damage.
 l - a +10 plate armour of ponderousness
 n - the -1 hat of the Special Blessings {rC- rN++ Slay+5}
   (You found it on level 1 of the Vaults)

   It affects your accuracy and damage with ranged weapons and melee attacks
   (+5).
   It makes you vulnerable to cold.
   It greatly protects you from negative energy.
 o - the +0 pair of gloves of the Ancient Seas (worn) {*Drain rPois Int+4 SInv}
   (You bought it in a shop on level 2 of the Vaults)

   It affects your intelligence (+4).
   It protects you from poison.
   It lets you see invisible.
   It causes draining when unequipped.
 t - a +2 hat of magic resistance (worn)
 u - a +4 chain mail of cold resistance (worn)
 y - a +5 shield of reflection (worn)
 C - the +3 shield of Lanaobre {rN+++ Regen+ MP-9 Int+4}
   (Okawaru gifted it to you on level 3 of the Elven Halls)

   It affects your intelligence (+4).
   It renders you almost immune to negative energy.
   It affects your magic capacity (-9).
   It increases your rate of regeneration.
 J - a +2 cloak of magic resistance (worn)
 P - a +3 plate armour of magic resistance
 S - a +0 pair of gloves of strength
 U - the +3 scale mail of Besyorat {rElec Str+2 Int+2}
   (You found it on level 3 of the Elven Halls)

   It affects your strength (+2).
   It affects your intelligence (+2).
   It insulates you from electricity.
 Z - the +2 pair of boots of the Hare (worn) {*Confuse MP+9 Int-4 Dex+7}
   (Okawaru gifted it to you on level 3 of the Lair of Beasts)

   It affects your intelligence (-4).
   It affects your dexterity (+7).
   It affects your magic capacity (+9).
   It may confuse you when you take damage.
Jewellery
 j - an uncursed amulet of resist mutation
 q - a +5 ring of strength
 s - the ring of Suspicion {MR+++ Str+5 Dex-5 SInv Stlth+}
   (You found it on level 1 of the Vaults)

   [ring of strength]

   It affects your strength (+5).
   It affects your dexterity (-5).
   It affects your resistance to hostile enchantments.
   It lets you see invisible.
   It makes you more stealthy.
 v - the amulet of Vitality (around neck) {Regen+ HP+15}
   (You bought it in a shop on level 5 of the Dungeon)

   [amulet of regeneration]

   It affects your health (+15).
   It increases your rate of regeneration.
 B - the ring "Irphue" {SustAt -Tele rF+ MR++ Dex+3}
   (You bought it in a shop on level 5 of the Dungeon)

   [ring of sustain attributes]

   It sustains your strength, intelligence and dexterity.
   It affects your dexterity (+3).
   It protects you from fire.
   It affects your resistance to hostile enchantments.
   It prevents most forms of teleportation.
 F - the amulet "Goramide" {rCorr rF++}
   (You found it on level 1 of the Orcish Mines)

   [amulet of resist corrosion]

   It protects you from acid and corrosion.
   It greatly protects you from fire.
Wands
 w - a wand of teleportation (8)
Scrolls
 f - 40 scrolls of identify
 h - 9 scrolls of remove curse
 i - 10 scrolls of recharging
 x - a scroll of fear
 A - 6 scrolls of blinking
 K - 12 scrolls of teleportation
 L - 2 scrolls of magic mapping
 N - 2 scrolls of enchant weapon
Potions
 d - 5 potions of agility
 m - 4 potions of heal wounds
 r - a potion of cure mutation
 z - 12 potions of curing
 D - 11 potions of might
 V - 5 potions of flight
 X - 3 potions of resistance
Comestibles
 p - 36 fruits
 E - 22 royal jellies
 M - 4 beef jerkies
 O - 29 bread rations


   Skills:
 + Level 22.0(27) Fighting
 + Level 3.3(8.3) Long Blades
 + Level 24.5(27) Axes
   Level 1.0(22.9) Maces & Flails
   Level 5.1(23.4) Polearms
   Level 10.8(16.3) Staves
 + Level 13.8(19.1) Slings
 + Level 4.8(14.7) Throwing
 + Level 15.3(20.3) Armour
 + Level 15.9(20.9) Dodging
 - Level 0.5(5.5) Stealth
 + Level 21.2(26.2) Shields
 + Level 0.7 Spellcasting
 + Level 0.7 Charms
 + Level 0.7 Air Magic
 + Level 5.6 Invocations
 + Level 0.6 Evocations


You had 19 spell levels left.
You knew the following spells:

 Your Spells              Type           Power        Failure   Level  Hunger
a - Repel Missiles        Chrm/Air       #.....       99%         2    ###....
b - Blink                 Tloc           N/A          99%         2    ###....


Dungeon Overview and Level Annotations

Branches:
Dungeon (15/15)            Temple (1/1) D:5            Lair (8/8) D:10
 Shoals (4/4) Lair:6       Spider (4/4) Lair:5        Slime (0/6) Lair:6
    Orc (4/4) D:11            Elf (3/3) Orc:4        Vaults (5/5) D:14
  Crypt (0/3) Vaults:3     Depths (3/5) D:15

Altars:
Ashenzari
Cheibriados
Dithmenos
Elyvilon
Gozag
Kikubaaqudgha
Makhleb
Nemelex Xobeh
Okawaru
Qazlal
Ru
Sif Muna
Trog
Vehumet
Xom
Yredelemnul
Zin
The Shining One
Beogh

Shops:
D:5 =   D:6 *   D:14 %%!=[   Orc:1 *   Orc:4 =([(%   Elf:1 [   Elf:2 =
Shoals:1 !   Shoals:4 %   Vaults:2 *[   Vaults:3 [

Portals:
Hell: Depths:1 Depths:2
Ziggurat: Depths:1


Innate Abilities, Weirdness & Mutations

You reflexively headbutt those who attack you in melee.
You have a pair of horns on your head.
You have sharp toenails.


Message History

You slice the caustic shrike!!
You kill the caustic shrike!
Okawaru accepts your kill.
You miss the anaconda.
The anaconda is heavily wounded.
You hit the plant.
You destroy the plant!
You block the anaconda's attack. x2
You miss the anaconda. You headbutt the anaconda!
The anaconda is severely wounded.
You hit the anaconda but do no damage.
You headbutt the anaconda, but do no damage.
The anaconda is severely wounded.
You slash the lindwurm!
The lindwurm is moderately wounded.
You block the anaconda's attack. The anaconda bites you!
* * * LOW HITPOINT WARNING * * *
The lindwurm breathes flames at you. The blast of flame hits you!
You die...

##+#######.##..#..###############
#..........##...##
#.#######.###..P# #.### #.##....#
#<..# #.##..%.# ###.#####'##.))†#
#.##.....##...##
###.##.....##....####
#....'.....##..@..PP#
####.#.....##..S...P# ....♣...
#.#.>...##..YHk.P# .....♣%
#.#.....##P..k..P# ♣...P.♣%
#+#.....##..#....#####...PP.♣
..####+######....PP........ ..#
##....PP........ ..+
#......P#)...... ##P.....#†♣...P.


You could see a sphinx, a death yak (frenzied), an anaconda and 2 lindwurms.

Vanquished Creatures
  An ancient lich (Vaults:5)
  5 golden dragons
  6 caustic shrikes
  Nikola (Spider:1)
  6 tentacled monstrosities
  Rupert (Lair:3)
  3 titans
  3 deep elf blademasters
  2 deep elf master archers (Elf:3)
  2 sphinxes
  2 krakens
  Gastronok (D:8)
  A storm dragon (Vaults:5)
  5 shadow dragons
  5 tengu reavers
  12 fire giants
  Roxanne (Shoals:4)
  A revenant (Vaults:3)
  Ilsuiw (Shoals:4)
  8 frost giants
  Donald (Orc:4)
  4 deep elf sorcerers
  4 emperor scorpions
  3 ghost moths (Spider:4)
  7 very ugly things
  2 war gargoyles (Vaults:5)
  13 vault wardens
  2 caustic shrike skeletons (D:15)
  17 ironheart preservers
  9 stone giants
  10 deep elf demonologists
  A lorocyproca (Depths:3)
  Nessos (Orc:4)
  12 deep elf annihilators
  2 dire elephants
  12 ettins
  A minotaur (Lab)
  8 merfolk javelineers
  6 deep elf death magi
  7 merfolk impalers
  8 fire dragons
  8 entropy weavers
  5 deep elf high priests
  10 yaktaur captains
  5 rakshasas
  31 vault guards
  Harold (D:12)
  2 great orbs of eyes
  13 hydras
  5 large abominations
  3 ice dragons
  6 centaur warriors
  The ghost of 4thArraOfDagon the Gouger, a journeyman FeTm of Cheibriados (Elf:2)
  16 ogre magi
  3 merfolk avatars
  3 merfolk aquamancers
  2 catoblepae
  Erica (D:8)
  5 deep troll shamans
  3 alligator snapping turtles
  13 dancing weapons
  3 vampire magi
  An anaconda (Depths:3)
  8 satyrs
  3 tengu warriors
  3 deep troll earth magi (Depths:2)
  2 spriggan berserkers (Depths:2)
  An orc high priest (Orc:4)
  Urug (Lair:1)
  The ghost of SaintRoka the Covered, a novice DDVM of Makhleb (D:10)
  28 deep elf knights
  Sonja (D:11)
  An unseen horror (D:15)
  3 flayed ghosts
  4 small abominations
  A shadow wraith (Vaults:2)
  2 spriggan druids (Depths:3)
  8 sea snakes
  A giant orange brain (Depths:1)
  12 skeletal warriors
  The ghost of oplop the Changer, a novice OpTm (D:9)
  2 anubis guards (shapeshifter)
  14 deep elf summoners
  2 lindwurms
  4 necromancers
  9 hill giants
  An obsidian statue (Elf:2)
  An orange crystal statue (Elf:2)
  4 phantasmal warriors (Vaults:5)
  A wolf spider (shapeshifter) (Vaults:4)
  14 ironbrand convokers
  22 harpies
  7 cyclopes
  23 wolf spiders
  18 orb spiders
  13 deep trolls
  10 orc knights
  15 griffons
  An orc sorcerer (Orc:4)
  20 deep elf conjurers
  2 orb spiders (shapeshifter)
  A human zombie (Vaults:4)
  6 hornets
  11 manticores
  A hornet (shapeshifter) (Vaults:5)
  17 slime creatures
  A fire giant zombie (D:15)
  A harpy (shapeshifter) (D:14)
  A salamander (shapeshifter) (Depths:2)
  A stone giant zombie (Vaults:4)
  A black mamba (Lair:7)
  20 fauns
  3 wizards
  24 elephants
  An eye of devastation (Lair:6)
  37 ugly things
  5 water nymphs
  11 sirens
  2 moths of wrath (Spider:3)
  A human skeleton (Vaults:4)
  Joseph (D:8)
  A spiny frog (shapeshifter) (Depths:1)
  A frost giant skeleton (Vaults:4)
  12 vault sentinels
  Psyche (D:12)
  2 torpor snails
  2 yaktaur zombies
  3 kobold demonologists
  12 spiny frogs
  5 centaur skeletons
  8 komodo dragons
  A fire drake (Lair:8)
  8 freezing wraiths
  32 jumping spiders
  18 deep elf priests
  A yaktaur (shapeshifter) (Vaults:3)
  11 demonic crawlers
  A polar bear (Lair:4)
  2 wind drakes
  2 blue devils (Lair:8)
  A yaktaur skeleton (Vaults:4)
  40 yaktaurs
  28 two-headed ogres
  31 merfolk
  A queen bee (shapeshifter) (Vaults:4)
  3 snapping turtles
  17 trolls
  5 boulder beetles
  12 blink frogs
  A trapdoor spider (shapeshifter) (Vaults:5)
  2 queen bees
  A trapdoor spider zombie (D:10)
  7 wyverns
  26 trapdoor spiders
  2 shadows
  27 yaks
  62 redbacks
  A spriggan (shapeshifter) (Vaults:4)
  42 deep elf magi
  32 deep elf fighters
  2 hungry ghosts
  2 spriggans (Depths:3)
  27 tarantellas
  12 water elementals
  A wraith (D:15)
  16 vampire mosquitoes
  A golden eye (shapeshifter) (Vaults:5)
  5 hogs (Spider:4)
  5 wolves
  2 basilisks
  A human simulacrum (Vaults:4)
  6 wargs
  8 hippogriffs
  A soldier ant (shapeshifter) (D:14)
  12 porcupines
  2 hell hounds (Lair:8)
  19 water moccasins
  32 spiders
  An ice beast (shapeshifter) (Depths:2)
  20 orc warriors
  An ettin simulacrum (Vaults:4)
  A spider (shapeshifter) (Vaults:5)
  4 black bears
  A sky beast (D:9)
  A swamp drake (D:10)
  2 eyes of draining
  6 ice beasts
  An eye of draining (shapeshifter) (Vaults:1)
  6 boggarts
  63 ogres
  2 phantoms
  A necrophage (D:7)
  4 wasps
  10 centaurs
  The ghost of dvd the Chiller, an amateur OpIE of Ashenzari (D:4)
  9 big kobolds
  13 crocodiles
  18 giant frogs
  8 gnoll sergeants (Bailey)
  A wyvern skeleton (D:14)
  6 scorpions
  A water moccasin skeleton (D:8)
  42 killer bees
  9 wights
  An electric eel (Lair:6)
  A giant frog zombie (D:10)
  12 crimson imps
  10 orc wizards
  3 jellies
  7 gnoll shamans
  16 two-headed ogre zombies (Orc:1)
  4 giant frog skeletons
  17 orc priests
  3 centaur zombies
  2 iron imps
  8 hounds
  7 iguanas
  28 sheep
  17 worker ants
  3 hound skeletons
  The ghost of puimuR the Scratcher, a weakling FeCK of Xom (D:4)
  35 gnolls
  12 adders
  58 river rats
  4 shadow imps
  A white imp (D:10)
  An adder zombie (D:6)
  4 worms
  10 giant geckos
  139 orcs
  4 ball pythons (Sewer)
  3 bats
  9 goblins
  10 hobgoblins
  5 jackals
  38 kobolds
  3 quokkas
  8 giant cockroaches
  4 giant newts
  A quokka skeleton (D:4)
  28 rats
  5 crawling corpses
  4 fungi
  18 plants
  7 tentacles
2148 creatures vanquished.

Vanquished Creatures (others)
  An ancient lich (Vaults:5)
  Kirke (Spider:4)
  Aizul (Shoals:1)
  An ironheart preserver (Vaults:2)
  A stone giant (Vaults:5)
  A merfolk javelineer (Shoals:4)
  A fire dragon (Depths:3)
  An ogre mage (Vaults:4)
  3 satyrs (Shoals:4)
  A deep elf knight (Elf:2)
  An unseen horror (D:15)
  An ironbrand convoker (Vaults:3)
  2 cyclopes
  A manticore (Shoals:3)
  6 fauns
  8 yaktaurs
  A merfolk (Shoals:4)
  A trapdoor spider (Spider:4)
  A wolf (Lair:6)
  A boggart (Depths:2)
  An orc priest (Vaults:5)
  13 fungi
  50 plants
  6 tentacles
  305 tentacle segments
410 creatures vanquished.

Grand Total: 2558 creatures vanquished

Notes
Turn   | Place    | Note
--------------------------------------------------------------
     0 | D:1      | dvd the Minotaur Fighter began the quest for the Orb.
     0 | D:1      | Reached XP level 1. HP: 19/19 MP: 0/0
   187 | D:1      | Reached XP level 2. HP: 25/27 MP: 1/1
   255 | D:1      | Reached skill level 4 in Shields
   794 | D:2      | Reached XP level 3. HP: 33/33 MP: 2/2
   884 | D:2      | Found an iron altar of Okawaru.
   915 | D:2      | Became a worshipper of Warmaster Okawaru
  1506 | D:2      | Reached XP level 4. HP: 40/40 MP: 3/3
  1513 | D:2      | Reached skill level 1 in Dodging
  1954 | D:3      | Reached skill level 5 in Shields
  1966 | D:3      | Reached XP level 5. HP: 45/47 MP: 4/4
  2082 | D:3      | Found a glowing drain.
  2101 | Sewer    | Entered a sewer
  2307 | Sewer    | Reached skill level 5 in Armour
  2370 | Sewer    | Reached * piety under Okawaru
  2370 | Sewer    | Reached XP level 6. HP: 33/53 MP: 5/5
  3044 | D:3      | Found a stormy altar of Qazlal.
  3046 | D:3      | Found a radiant altar of Vehumet.
  3053 | D:3      | Found a deep blue altar of Sif Muna.
  3252 | D:4      | Reached skill level 5 in Fighting
  3252 | D:4      | Reached skill level 1 in Slings
  3252 | D:4      | Reached XP level 7. HP: 57/61 MP: 6/6
  3283 | D:4      | Noticed dvd's ghost (amateur OpIE)
  3291 | D:4      | Killed dvd's ghost
  3291 | D:4      | Reached skill level 6 in Shields
  3353 | D:4      | Noticed puimuR's ghost (weakling FeCK)
  3355 | D:4      | Found a white marble altar of Elyvilon.
  3362 | D:4      | Killed puimuR's ghost
  3807 | D:5      | Entered Level 5 of the Dungeon
  3873 | D:5      | Found Fialasmo's Jewellery Shoppe.
  3893 | D:5      | Reached ** piety under Okawaru
  4016 | D:5      | Found a staircase to the Ecumenical Temple.
  4068 | Temple   | Entered the Ecumenical Temple
  5011 | D:6      | Reached XP level 8. HP: 60/68 MP: 7/7
  5020 | D:6      | Found Lalygh's General Store.
  5025 | D:6      | Reached skill level 1 in Polearms
  5198 | D:6      | Reached skill level 7 in Armour
  5496 | D:6      | Found an iron altar of Okawaru.
  5600 | D:6      | Upgraded the game from 0.17.0-23-g0de4337 to 0.17.0-24-gcfadda4
  5646 | D:7      | Found a shimmering altar of Xom.
  5759 | D:7      | Reached *** piety under Okawaru
  5907 | D:7      | Reached skill level 8 in Armour
  5963 | D:7      | Got a brightly glowing rapier {pain}
  5964 | D:7      | Identified the +5 rapier of Haobralep {pain, Dex+3} (You took it off an orc on level 7 of the Dungeon)
  6012 | D:7      | Reached XP level 9. HP: 68/74 MP: 8/8
  6172 | D:7      | Reached skill level 5 in Dodging
  6729 | D:8      | Noticed Joseph
  6767 | D:8      | Killed Joseph
  6767 | D:8      | Reached skill level 5 in Axes
  7142 | D:8      | Noticed Gastronok
  7159 | D:8      | Killed Gastronok
  7159 | D:8      | Reached **** piety under Okawaru
  7159 | D:8      | Received a gift from Okawaru
  7159 | D:8      | Reached ***** piety under Okawaru
  7159 | D:8      | Reached skill level 1 in Staves
  7159 | D:8      | Reached skill level 1 in Throwing
  7159 | D:8      | Reached skill level 9 in Armour
  7159 | D:8      | Reached skill level 1 in Invocations
  7159 | D:8      | Reached XP level 10. HP: 60/86 MP: 7/9
  7620 | D:8      | Noticed a cyclops
  7638 | D:8      | Killed a cyclops
  7718 | D:8      | Noticed Erica
  7732 | D:8      | Killed Erica
  7732 | D:8      | Reached skill level 10 in Shields
  7742 | D:8      | Reached skill level 10 in Armour
  7746 | D:8      | Got a faintly humming ring mail
  7757 | D:8      | Identified the cursed +1 ring mail of Valiance {rF- rCorr MP+9 Int+3} (You found it on level 8 of the Dungeon)
  8160 | D:8      | Received a gift from Okawaru
  8719 | D:9      | Noticed oplop's ghost (novice OpTm)
  8753 | D:9      | Killed oplop's ghost
  8753 | D:9      | Reached XP level 11. HP: 88/95 MP: 11/11
  8908 | D:9      | Found a white marble altar of Elyvilon.
  9072 | D:9      | Reached skill level 5 in Slings
  9267 | D:9      | Found a shadowy altar of Dithmenos.
  9388 | D:9      | Found a bloodstained altar of Trog.
  9512 | D:10     | Entered Level 10 of the Dungeon
  9696 | D:10     | Noticed SaintRoka's ghost (novice DDVM)
  9713 | D:10     | Killed SaintRoka's ghost
  9713 | D:10     | Reached skill level 11 in Shields
  9808 | D:10     | Reached skill level 1 in Maces & Flails
 10180 | D:10     | Found a staircase to the Lair.
 10588 | D:10     | Learned a level 2 spell: Repel Missiles
 10801 | D:10     | Got a polished leather armour
 10910 | Lair:1   | Entered Level 1 of the Lair of Beasts
 10928 | D:10     | Learned a level 2 spell: Blink
 11026 | Lair:1   | Noticed Urug
 11039 | Lair:1   | Killed Urug
 11251 | Lair:1   | HP: 3/97 [crocodile (16)]
 11259 | Lair:1   | Reached ****** piety under Okawaru
 11282 | Lair:1   | Received a gift from Okawaru
 11721 | Lair:1   | Reached skill level 5 in Staves
 11839 | Lair:1   | Received a gift from Okawaru
 11842 | Lair:1   | Got an ancient hunting sling {god gift}
 11843 | Lair:1   | Identified the +2 hunting sling "Vohoghut" {flame, rC+} (Okawaru gifted it to you on level 1 of the Lair of Beasts)
 11847 | Lair:1   | Identified a scroll of acquirement
 12345 | Lair:2   | Noticed a six-headed hydra
 12361 | Lair:2   | Killed a six-headed hydra
 12631 | Lair:2   | Reached XP level 12. HP: 99/106 MP: 12/12
 12674 | Lair:2   | Reached skill level 10 in Fighting
 12828 | Lair:2   | Noticed a seven-headed hydra
 12833 | Lair:2   | Noticed an eight-headed hydra
 12838 | Lair:2   | Killed a three-headed hydra
 12844 | Lair:2   | Killed a four-headed hydra
 12844 | Lair:2   | Reached skill level 1 in Long Blades
 13421 | Lair:2   | Received a gift from Okawaru
 14108 | Lair:3   | Noticed Rupert
 14109 | Lair:3   | Noticed a four-headed hydra
 14124 | Lair:3   | Killed Rupert
 14132 | Lair:3   | Killed a one-headed hydra
 14132 | Lair:3   | Received a gift from Okawaru
 14223 | Lair:3   | Received a gift from Okawaru
 14393 | Lair:3   | Received a gift from Okawaru
 14398 | Lair:3   | Got a pair of encrusted boots {god gift}
 14404 | Lair:3   | Identified the +2 pair of boots of the Hare {*Confuse MP+9 Int-4 Dex+7} (Okawaru gifted it to you on level 3 of the Lair of Beasts)
 14839 | Lair:3   | Noticed a catoblepas
 14856 | Lair:3   | Killed a catoblepas
 15860 | Lair:4   | Reached skill level 10 in Dodging
 15970 | Lair:4   | Reached XP level 13. HP: 106/116 MP: 13/13
 17106 | Lair:5   | Received a gift from Okawaru
 17397 | Lair:5   | Found a hole to the Spider Nest.
 17609 | Lair:5   | Reached skill level 12 in Fighting
 18247 | Lair:6   | Found a staircase to the Shoals.
 18448 | Lair:6   | Found a staircase to the Slime Pits.
 18651 | Lair:6   | Reached skill level 10 in Axes
 19734 | Lair:8   | Entered Level 8 of the Lair of Beasts
 19752 | Lair:8   | Received a gift from Okawaru
 19784 | Lair:8   | Found a labyrinth entrance.
 19818 | Lab      | Entered a labyrinth
 20007 | Lab      | Reached XP level 14. HP: 75/127 MP: 14/14
 20029 | Lab      | Identified the Volume of Earth (You found it in a labyrinth)
 20139 | Lair:8   | Received a gift from Okawaru
 20143 | Lair:8   | Got a transparent glaive {god gift}
 20144 | Lair:8   | Identified the +1 glaive of Flawed Execution {flame, MR++} (Okawaru gifted it to you on level 8 of the Lair of Beasts)
 20513 | Lair:8   | Noticed a dire elephant
 20534 | Lair:8   | Killed a dire elephant
 20574 | Lair:8   | Reached skill level 10 in Staves
 21195 | Lair:8   | Found a burning altar of Makhleb.
 21216 | Lair:8   | HP: 5/127 [burnt (7)]
 21948 | D:5      | Bought the amulet of Vitality {Regen+ HP+15} for 407 gold pieces
 22028 | D:5      | Bought the ring "Irphue" {SustAt -Tele rF+ MR++ Dex+3} for 446 gold pieces
 22408 | D:11     | Noticed Sonja
 22424 | D:11     | Killed Sonja
 22798 | D:11     | Received a gift from Okawaru
 22813 | D:11     | Found a staircase to the Orcish Mines.
 23058 | Orc:1    | Entered Level 1 of the Orcish Mines
 23075 | Orc:1    | Found Pomit's General Store.
 23075 | Orc:1    | Found a roughly hewn altar of Beogh.
 23350 | Orc:1    | Reached skill level 13 in Fighting
 23362 | Orc:1    | Got a smoking golden amulet
 23364 | Orc:1    | Identified the amulet "Goramide" {rCorr rF++} (You found it on level 1 of the Orcish Mines)
 23479 | Orc:2    | Found a roughly hewn altar of Beogh.
 23654 | Orc:2    | Received a gift from Okawaru
 23696 | Orc:2    | Found a flagged portal.
 23711 | Bailey   | Entered a bailey
 24451 | Orc:4    | Entered Level 4 of the Orcish Mines
 24593 | Orc:4    | Found Cianah's Food Boutique.
 24604 | Orc:4    | Noticed Donald
 24630 | Orc:4    | Killed Donald
 24714 | Orc:4    | Noticed Nessos
 24734 | Orc:4    | Killed Nessos
 24736 | Orc:4    | Found a staircase to the Elven Halls.
 25068 | Orc:4    | Found a roughly hewn altar of Beogh.
 25072 | Orc:4    | Received a gift from Okawaru
 25159 | Orc:4    | Found Gungi's Antique Armour Boutique.
 25170 | Orc:4    | Received a gift from Okawaru
 25230 | Orc:4    | Received a gift from Okawaru
 25451 | Orc:4    | Found Gyx Yss's Jewellery Emporium.
 25462 | Orc:4    | Found Fomenla's Weapon Shop.
 25463 | Orc:4    | Found Ebit's Antique Weapon Boutique.
 25497 | Orc:4    | Bought the +9 war axe of Juvo {chop, MP+9 Str+2} for 921 gold pieces
 25599 | Orc:4    | Received a gift from Okawaru
 26126 | Spider:1 | Entered Level 1 of the Spider Nest
 26231 | Spider:1 | Reached XP level 15. HP: 105/137 MP: 16/16
 26435 | Spider:1 | Noticed Nikola
 26449 | Spider:1 | Killed Nikola
 26449 | Spider:1 | Received a gift from Okawaru
 26543 | Spider:1 | Reached skill level 14 in Fighting
 26589 | Spider:1 | Received a gift from Okawaru
 27201 | Spider:2 | Got a shimmering buckler
 27212 | Spider:2 | Identified the +2 buckler of the Albatross {Int+4 Stlth+} (You acquired it on level 2 of the Spider Nest)
 28295 | Spider:3 | Reached skill level 10 in Slings
 28655 | Spider:3 | Received a gift from Okawaru
 29445 | Spider:4 | Entered Level 4 of the Spider Nest
 29493 | Spider:4 | Received a gift from Okawaru
 29828 | Spider:4 | Reached XP level 16. HP: 140/147 MP: 17/17
 30270 | Spider:4 | Received a gift from Okawaru
 30464 | Spider:4 | Reached skill level 15 in Fighting
 30472 | Spider:4 | Received a gift from Okawaru
 30492 | Spider:4 | Received a gift from Okawaru
 30576 | Spider:4 | Got a gossamer rune of Zot
 30592 | Spider:4 | Noticed Kirke
 30605 | Spider:4 | Killed Kirke
 31804 | D:12     | Noticed Psyche
 31811 | D:12     | Killed Psyche
 31943 | D:12     | Noticed Harold
 31955 | D:12     | Killed Harold
 32242 | D:13     | Received a gift from Okawaru
 32251 | D:13     | Got an ichor-stained hunting sling {god gift}
 32252 | D:13     | Identified the +5 hunting sling "Ciergh" {flame, *Drain Str+4 SInv} (Okawaru gifted it to you on level 13 of the Dungeon)
 32593 | D:13     | Identified a +1 rod of the swarm (12/12) (You took it off a hill giant on level 13 of the Dungeon)
 32699 | D:13     | You fall through a shaft!
 32977 | D:14     | Found Vaymuaxt's Distillery.
 33059 | D:14     | Found Geaddoed's Antique Armour Emporium.
 33452 | D:14     | Found a gate to the Vaults.
 33529 | D:14     | Found Sugeen's Food Emporium.
 33623 | D:14     | Found Vakhlap's Jewellery Shoppe.
 33812 | D:14     | Found Jolapn's Food Shop.
 33852 | Vaults:1 | Entered Level 1 of the Vaults
 34049 | Vaults:1 | Reached XP level 17. HP: 157/157 MP: 18/18
 34215 | Vaults:1 | Received a gift from Okawaru
 34276 | Vaults:1 | Got a bloodstained hat
 34287 | Vaults:1 | Identified the cursed -1 hat of the Special Blessings {rC- rN++ Slay+5} (You found it on level 1 of the Vaults)
 34353 | Vaults:1 | Reached skill level 15 in Axes
 34429 | Vaults:1 | Got a twitching copper ring
 34431 | Vaults:1 | Identified the ring of Suspicion {MR+++ Str+5 Dex-5 SInv Stlth+} (You found it on level 1 of the Vaults)
 34505 | Vaults:1 | Received a gift from Okawaru
 34657 | Vaults:1 | Reached skill level 16 in Fighting
 35256 | Vaults:2 | Found Heesie's Assorted Antiques.
 35746 | Vaults:2 | Got a pair of warped gloves
 35752 | Vaults:2 | Identified the +1 pair of gloves of Ennui {rF- Int+5} (You found it on level 2 of the Vaults)
 35791 | Vaults:2 | Received a gift from Okawaru
 35859 | Vaults:2 | Reached skill level 15 in Shields
 35901 | Vaults:2 | Received a gift from Okawaru
 36235 | Vaults:2 | Found Tuepouqy's Armour Shoppe.
 36235 | Vaults:2 | Noticed a tentacled monstrosity
 36253 | Vaults:2 | Killed a tentacled monstrosity
 36253 | Vaults:2 | Received a gift from Okawaru
 36276 | Vaults:2 | Bought the +0 pair of gloves of the Ancient Seas {*Drain rPois Int+4 SInv} for 363 gold pieces
 36891 | Vaults:3 | Found Onoz's Armour Emporium.
 36947 | Vaults:3 | Reached XP level 18. HP: 125/168 MP: 19/19
 37170 | Vaults:3 | Received a gift from Okawaru
 37198 | Vaults:3 | Got a ripped robe {god gift}
 37209 | Vaults:3 | Identified the +1 robe of Sop Cun {rN+ MR+++ MP+9 Int-3} (Okawaru gifted it to you on level 3 of the Vaults)
 37311 | Vaults:3 | Reached skill level 17 in Fighting
 37580 | Vaults:3 | Reached skill level 5 in Polearms
 38373 | Vaults:3 | Found a staircase to the Crypt.
 38726 | Vaults:4 | Received a gift from Okawaru
 39296 | Vaults:4 | Reached skill level 18 in Axes
 39328 | Vaults:4 | Received a gift from Okawaru
 39978 | Vaults:5 | Entered Level 5 of the Vaults
 39987 | Vaults:5 | Reached XP level 19. HP: 179/179 MP: 20/20
 39990 | Vaults:5 | Received a gift from Okawaru
 40020 | Vaults:5 | Reached skill level 19 in Axes
 40234 | Vaults:5 | Got a slimy buckler {god gift}
 40247 | Vaults:4 | Identified the +0 buckler of Akulix {Str+3 Int+3 SInv} (Okawaru gifted it to you on level 5 of the Vaults)
 40276 | Vaults:5 | Received a gift from Okawaru
 40509 | Vaults:5 | Received a gift from Okawaru
 40522 | Vaults:5 | Reached skill level 20 in Axes
 40525 | Vaults:5 | Received a gift from Okawaru
 40735 | Vaults:5 | Got an uncursed twisted demon blade {freeze}
 40736 | Vaults:5 | Identified the +9 demon blade of the Fifty Beggars {freeze, rC- Int+4 Dex+7} (You took it off a vault warden on level 5 of the Vaults)
 40834 | Vaults:5 | Got a bloodstained scale mail
 40845 | Vaults:5 | Identified the +3 scale mail "Depi Uhyl" {rElec MP+9} (You took it off a vault warden on level 5 of the Vaults)
 40902 | Vaults:5 | Noticed a golden dragon
 40904 | Vaults:5 | Noticed a golden dragon
 40910 | Vaults:5 | Killed a golden dragon
 40910 | Vaults:5 | Reached XP level 20. HP: 191/191 MP: 22/22
 40917 | Vaults:5 | Killed a golden dragon
 40928 | Vaults:5 | Got an ancient silver ring
 40961 | Vaults:5 | Identified the ring "Ciofa" {Fire -Tele rPois Str+2 Dex+2} (You took it off an ironheart preserver on level 5 of the Vaults)
 41377 | Vaults:5 | Noticed a golden dragon
 41394 | Vaults:5 | Killed a golden dragon
 41394 | Vaults:5 | Received a gift from Okawaru
 41908 | Vaults:5 | Noticed a golden dragon
 41918 | Vaults:5 | Killed a golden dragon
 41958 | Vaults:5 | Noticed an ancient lich
 41965 | Vaults:5 | Killed an ancient lich
 41965 | Vaults:5 | Reached skill level 21 in Axes
 42123 | Vaults:5 | Received a gift from Okawaru
 42132 | Vaults:5 | Identified the Catalogue of the Escort (You found it on level 5 of the Vaults)
 42239 | Vaults:5 | Reached skill level 15 in Dodging
 42362 | Vaults:5 | Noticed an ancient lich
 42366 | Vaults:5 | Killed an ancient lich
 42472 | Vaults:5 | Got a silver rune of Zot
 43108 | Vaults:5 | Received a gift from Okawaru
 43687 | Shoals:1 | Entered Level 1 of the Shoals
 43740 | Shoals:1 | Noticed Aizul
 43755 | Shoals:1 | Killed Aizul
 44156 | Shoals:1 | Found Caur's Distillery.
 44316 | Shoals:1 | Reached XP level 21. HP: 201/201 MP: 23/23
 45844 | Shoals:4 | Entered Level 4 of the Shoals
 45859 | Shoals:4 | Received a gift from Okawaru
 45929 | Shoals:4 | Noticed Ilsuiw
 45956 | Shoals:4 | Killed Ilsuiw
 45956 | Shoals:4 | Received a gift from Okawaru
 45956 | Shoals:4 | Reached skill level 22 in Axes
 46293 | Shoals:4 | Noticed Roxanne
 46332 | Shoals:4 | Killed Roxanne
 46541 | Shoals:4 | Got a twisted greatsling {god gift}
 46542 | Shoals:4 | Identified the +7 greatsling of Hakka {freeze, rF+} (Okawaru gifted it to you on level 4 of the Shoals)
 46632 | Shoals:4 | Found Erisad's Food Shoppe.
 46749 | Shoals:4 | Got a barnacled rune of Zot
 47394 | Shoals:2 | Received a gift from Okawaru
 47680 | D:10     | Upgraded the game from 0.17.0-24-gcfadda4 to 0.17.0-26-gececa24
 47811 | Elf:1    | Entered Level 1 of the Elven Halls
 48101 | Elf:1    | Identified Sif Muna's Handbook of Calling (You found it on level 1 of the Elven Halls)
 48318 | Elf:1    | Found Qaab's Armour Emporium.
 48756 | Elf:2    | Found Xytattiest's Jewellery Shoppe.
 48940 | Elf:2    | Reached XP level 22. HP: 208/211 MP: 24/24
 48945 | Elf:2    | Found a runed gate.
 49061 | Elf:2    | Found a runed gate.
 49063 | Elf:2    | Found a runed gate.
 49088 | Elf:2    | Noticed 4thArraOfDagon's ghost (journeyman FeTm)
 49113 | Elf:2    | HP: 2/226 [deep elf priest/divine providence (16)]
 49186 | Elf:2    | Killed 4thArraOfDagon's ghost
 49233 | Elf:2    | Received a gift from Okawaru
 49567 | Elf:2    | Received a gift from Okawaru
 49573 | Elf:2    | Reached skill level 5 in Invocations
 49968 | Elf:2    | Gained mutation: You have sharp toenails. [a neqoxec]
 50025 | Elf:3    | Entered Level 3 of the Elven Halls
 50054 | Elf:3    | Found a flickering gateway to a bazaar.
 50060 | Bazaar   | Entered a bazaar
 50060 | Bazaar   | Found Mutseeb's Armour Shoppe.
 50060 | Bazaar   | Found Qaeq's Distillery.
 50060 | Bazaar   | Found Umaiqovi's Armour Emporium.
 50060 | Bazaar   | Found Onauj's Assorted Antiques.
 50060 | Bazaar   | Found Hinaun's Food Shoppe.
 50518 | Elf:3    | Reached skill level 23 in Axes
 50574 | Elf:3    | Received a gift from Okawaru
 50873 | Elf:3    | Got an ichor-stained shield {god gift}
 51026 | Elf:3    | Got a translucent chain mail
 51044 | Elf:3    | Got an ichor-stained trident
 51045 | Elf:3    | Identified the +4 trident "Eskuijiq" {pierce, *Contam *Rage +Rage Dex+10} (You found it on level 3 of the Elven Halls)
 51060 | Elf:3    | Identified the +3 shield of Lanaobre {rN+++ Regen+ MP-9 Int+4} (Okawaru gifted it to you on level 3 of the Elven Halls)
 51070 | Elf:3    | Identified the +7 chain mail of the Ten Demons {*Corrode rElec rPois Dex+4} (You found it on level 3 of the Elven Halls)
 51081 | Elf:3    | Got a jewelled plate armour
 51092 | Elf:3    | Identified the cursed +1 plate armour "Estaliorch" {+Fly Str+3 Int-2} (You found it on level 3 of the Elven Halls)
 51246 | Elf:3    | Got a transparent ring mail
 51257 | Elf:3    | Identified the cursed +1 ring mail "Riroohaw" {Str+3} (You found it on level 3 of the Elven Halls)
 51299 | Elf:3    | Got a jewelled scale mail
 51310 | Elf:3    | Identified the +3 scale mail of Besyorat {rElec Str+2 Int+2} (You found it on level 3 of the Elven Halls)
 51936 | D:15     | Entered Level 15 of the Dungeon
 51955 | D:15     | Found a staircase to the Depths.
 52683 | Depths:1 | Entered Level 1 of the Depths
 52861 | Depths:1 | Found a gateway to Hell.
 53045 | Depths:1 | Found a gateway to a ziggurat.
 53632 | Depths:2 | Reached skill level 15 in Armour
 53672 | Depths:2 | Reached XP level 23. HP: 198/220 MP: 26/26
 53694 | Depths:2 | Received a gift from Okawaru
 54070 | Depths:2 | Reached skill level 24 in Axes
 55098 | Depths:2 | Received a gift from Okawaru
 55345 | Depths:3 | Received a gift from Okawaru
 55711 | Depths:3 | Killed from afar by a lindwurm

Action                   |  1- 3 |  4- 6 |  7- 9 | 10-12 | 13-15 | 16-18 | 19-21 | 22-24 || total
-------------------------+-------+-------+-------+-------+-------+-------+-------+-------++-------
Melee: War axe           |    62 |   119 |    58 |   101 |   410 |  1167 |   993 |   842 ||  3752
       Spear             |       |    11 |   134 |   105 |       |       |       |       ||   250
       Dagger            |       |     7 |       |       |       |       |       |       ||     7
       Mace              |       |     5 |    39 |    70 |       |       |       |       ||   114
       Quarterstaff      |       |       |    23 |   316 |   503 |       |       |       ||   842
       Scimitar          |       |       |       |    19 |    39 |       |       |       ||    58
       Battleaxe         |       |       |       |    51 |   228 |       |       |       ||   279
       Double sword      |       |       |       |       |    28 |       |       |       ||    28
       Glaive            |       |       |       |       |    11 |       |       |       ||    11
       Hunting sling     |       |       |       |       |     2 |       |       |       ||     2
       Demon trident     |       |       |       |       |       |    65 |       |       ||    65
 Fire: Hunting sling     |    13 |     9 |    32 |   135 |   215 |    86 |    10 |       ||   500
       Greatsling        |       |       |       |       |       |       |   281 |    56 ||   337
Throw: Throwing net      |       |       |     4 |     3 |       |       |       |       ||     7
       Tomahawk          |       |       |       |     5 |    11 |    18 |     2 |       ||    36
       Stone             |       |       |       |     2 |       |       |       |       ||     2
       Javelin           |       |       |       |       |       |       |       |    61 ||    61
 Cast: Repel Missiles    |       |       |       |     2 |     1 |       |       |       ||     3
Invok: Heroism           |       |       |     2 |     8 |    11 |    11 |    10 |    10 ||    52
       Finesse           |       |       |       |       |       |     1 |     1 |     3 ||     5
Evoke: Wand              |       |       |       |       |    16 |       |       |       ||    16
  Use: Scroll            |       |     7 |     5 |    12 |    16 |     8 |     2 |    10 ||    60
       Potion            |       |     7 |     3 |    12 |     4 |     2 |     4 |    10 ||    42
 Stab: Distracted        |       |       |       |     1 |       |     1 |       |       ||     2
       Held in net/web   |       |       |       |     1 |       |       |       |       ||     1
       Sleeping          |       |       |       |       |     3 |       |       |       ||     3
       Petrifying        |       |       |       |       |       |       |       |     2 ||     2
       Petrified         |       |       |       |       |       |       |       |     1 ||     1
  Eat: Chunk             |     1 |     5 |    11 |    30 |    38 |    28 |     6 |     8 ||   127
       Pizza             |       |     1 |       |       |       |     2 |       |       ||     3
       Beef jerky        |       |       |     1 |       |     2 |     1 |     2 |     3 ||     9
       Meat ration       |       |       |       |     2 |     2 |     3 |     7 |     4 ||    18
       Fruit             |       |       |       |     1 |       |       |     2 |       ||     3
       Royal jelly       |       |       |       |       |     1 |       |       |       ||     1
